General information
- name: BNet
- type: Ladder team game (AT/RT)
- host: Battle.net
- saver: Secreteam
map: Cherryville
- players: 8
- length: 47:57
- speed: Fast
- version: 1.26 W3XP
- replay type: Public
» download(327 KB)
Players
team 1 (loser)
subban (
blue | 43 APM | 1033 actions | 24:02)
5 Tauren Chieftain
3 Endurance Aura
2 War Stomp
4 Shadow Hunter
2 Healing Wave
2 Hex
» actions
| Basic commands | 20 | |
| Build / train | 86 | |
| Enter build submenu | 33 | |
| Enter hero's abilities submenu | 9 | |
| Give item / drop item | 5 | |
| Remove unit from queue | 3 | |
| Right click | 477 | |
| Select / deselect | 298 | |
| Use ability | 102 | |
1033 total
» units
| Peon | 14 | |
| Troll Headhunter/Berserker | 23 | |
| Shaman | 6 | |
| Tauren | 1 | |
44 total
» upgrades
| Armor | 3 | |
| Ranged Weapons | 3 | |
| Troll Regeneration | 1 | |
| Berserker Upgrade | 1 | |
| Shaman Training | 2 | |
| Reinforced Defenses | 1 | |
| Spiked Barricades | 1 | |
12 total
» buildings
| Altar of Storms | 1 | |
| Orc Burrow | 8 | |
| War Mill | 1 | |
| Barracks | 2 | |
| Voodoo Lounge | 1 | |
| Stronghold | 1 | |
| Fortress | 1 | |
| Spirit Lodge | 1 | |
| Tauren Totem | 1 | |
| Watch Tower | 16 | |
| Great Hall | 1 | |
34 total
» build order
00:31 Altar of Storms
00:40 Orc Burrow
01:09 War Mill
01:19 Barracks
02:09 Orc Burrow
02:18 Voodoo Lounge
03:03 Orc Burrow
05:18 Stronghold
06:06 Orc Burrow
06:57 Barracks
08:30 Fortress
10:15 Spirit Lodge
12:32 Tauren Totem
13:30 Orc Burrow
13:35 Orc Burrow
13:55 Watch Tower
13:59 Watch Tower
14:03 Watch Tower
14:07 Watch Tower
15:33 Great Hall
15:36 Watch Tower
16:01 Watch Tower
16:17 Orc Burrow
16:52 Watch Tower
17:11 Watch Tower
18:17 Watch Tower
18:36 Watch Tower
19:30 Watch Tower
19:54 Watch Tower
21:19 Watch Tower
21:23 Watch Tower
22:28 Watch Tower
22:32 Watch Tower
22:46 Orc Burrow
» items
| Healing Salve | 4 | |
| Scroll of Town Portal | 6 | |
| Lesser Clarity Potion | 3 | |
| Orb of Lightning | 1 | |
14 total
recognize (
yellow | 138 APM | 3029 actions | 21:56)
8 Goblin Alchemist
3 Acid Bomb
3 Chemical Rage
1 Transmute
1 Healing Spray
» actions
| Assign group hotkey | 103 | |
| Basic commands | 378 | |
| Build / train | 102 | |
| Enter build submenu | 27 | |
| Enter hero's abilities submenu | 8 | |
| Give item / drop item | 1 | |
| Right click | 879 | |
| Select / deselect | 432 | |
| Select group hotkey | 987 | |
| Use ability | 112 | |
3029 total
» units
| Peasant | 14 | |
| Rifleman | 16 | |
| Goblin Shredder | 1 | |
| Knight | 5 | |
36 total
» upgrades
| Gunpowder | 3 | |
| Armor | 2 | |
| Masonry | 2 | |
| Long Rifles | 1 | |
| Lumber Harvesting | 1 | |
| Swords | 1 | |
| Plating | 2 | |
| Animal War Training | 1 | |
13 total
» buildings
| Blacksmith | 1 | |
| Farm | 13 | |
| Barracks | 2 | |
| Altar of Kings | 2 | |
| Scout Tower | 6 | |
| Arcane Tower | 3 | |
| Lumber Mill | 1 | |
| Town Hall | 1 | |
| Guard Tower | 5 | |
| Arcane Vault | 1 | |
| Keep | 1 | |
| Castle | 2 | |
38 total
» build order
00:54 Blacksmith
00:57 Farm
01:01 Barracks
01:29 Altar of Kings
01:32 Altar of Kings
01:52 Farm
02:25 Farm
02:30 Scout Tower
02:58 Farm
03:00 Arcane Tower
03:30 Farm
04:05 Lumber Mill
04:41 Town Hall
04:47 Scout Tower
04:49 Scout Tower
04:53 Scout Tower
05:02 Scout Tower
05:28 Arcane Tower
05:28 Arcane Tower
05:42 Guard Tower
05:56 Guard Tower
06:17 Guard Tower
06:23 Farm
06:59 Arcane Vault
07:35 Keep
07:39 Scout Tower
09:13 Guard Tower
09:13 Guard Tower
10:02 Castle
10:02 Castle
10:11 Barracks
10:14 Farm
12:25 Farm
12:26 Farm
12:29 Farm
12:31 Farm
12:33 Farm
12:36 Farm
» items
| Scroll of Regeneration | 4 | |
| Lesser Clarity Potion | 3 | |
| Potion of Healing | 3 | |
| Staff of Sanctuary | 1 | |
| Scroll of Town Portal | 4 | |
| Potion of Lesser Invulnerability | 1 | |
| Scroll of Healing | 5 | |
21 total
Secreteam (
pink | 93 APM | 4455 actions | 47:57)
8 Blademaster
3 Wind Walk
3 Critical Strike
1 Bladestorm
1 Mirror Image
» actions
| Assign group hotkey | 142 | |
| Basic commands | 87 | |
| Build / train | 142 | |
| ESC pressed | 23 | |
| Enter build submenu | 74 | |
| Enter hero's abilities submenu | 8 | |
| Give item / drop item | 33 | |
| Remove unit from queue | 1 | |
| Right click | 2208 | |
| Select / deselect | 417 | |
| Select group hotkey | 966 | |
| Use ability | 354 | |
4455 total
» units
| Peon | 17 | |
| Grunt | 8 | |
| Goblin Shredder | 3 | |
| Wind Rider | 7 | |
| Raider | 8 | |
| Troll Headhunter/Berserker | 1 | |
| Demolisher | 1 | |
| Goblin Sapper | 2 | |
| Goblin Zeppelin | 4 | |
51 total
» upgrades
| Armor | 3 | |
| Pillage | 1 | |
| Berserker Strength | 1 | |
| Ranged Weapons | 3 | |
| Reinforced Defenses | 1 | |
| Envenomed Spears | 1 | |
| Ensnare | 1 | |
| Spiked Barricades | 2 | |
| Melee Weapons | 4 | |
17 total
» buildings
| Orc Burrow | 4 | |
| Altar of Storms | 1 | |
| Barracks | 1 | |
| Voodoo Lounge | 1 | |
| Stronghold | 5 | |
| Great Hall | 8 | |
| War Mill | 1 | |
| Fortress | 9 | |
| Beastiary | 2 | |
| Watch Tower | 48 | |
80 total
» build order
00:08 Orc Burrow
00:58 Orc Burrow
01:07 Altar of Storms
01:10 Barracks
01:57 Voodoo Lounge
02:30 Orc Burrow
04:10 Stronghold
04:10 Stronghold
04:10 Stronghold
04:27 Great Hall
05:06 War Mill
07:42 Fortress
07:42 Fortress
07:42 Fortress
09:19 Beastiary
09:22 Beastiary
09:24 Watch Tower
09:30 Watch Tower
09:38 Watch Tower
10:23 Watch Tower
12:33 Great Hall
12:34 Watch Tower
12:35 Watch Tower
12:37 Great Hall
13:06 Watch Tower
13:08 Watch Tower
13:12 Watch Tower
13:17 Watch Tower
13:19 Watch Tower
14:12 Great Hall
14:13 Watch Tower
15:25 Orc Burrow
16:02 Great Hall
16:03 Watch Tower
16:46 Watch Tower
17:22 Watch Tower
17:39 Watch Tower
19:07 Watch Tower
19:09 Watch Tower
19:17 Watch Tower
19:45 Watch Tower
19:56 Watch Tower
20:03 Watch Tower
20:22 Watch Tower
20:25 Watch Tower
20:31 Watch Tower
20:39 Watch Tower
20:54 Watch Tower
21:16 Watch Tower
21:22 Watch Tower
21:39 Watch Tower
22:32 Watch Tower
22:34 Watch Tower
22:39 Watch Tower
22:44 Watch Tower
22:45 Watch Tower
22:48 Watch Tower
22:50 Stronghold
22:50 Stronghold
26:27 Fortress
26:27 Fortress
26:27 Fortress
32:13 Great Hall
32:14 Watch Tower
32:15 Watch Tower
32:16 Watch Tower
32:17 Watch Tower
32:18 Watch Tower
32:19 Watch Tower
32:19 Watch Tower
32:21 Watch Tower
40:55 Great Hall
41:44 Great Hall
43:30 Watch Tower
43:32 Watch Tower
43:33 Watch Tower
43:35 Watch Tower
» items
| Healing Salve | 10 | |
| Lesser Clarity Potion | 8 | |
| Scroll of Town Portal | 3 | |
| Potion of Mana | 2 | |
| Orb of Lightning | 1 | |
| Potion of Healing | 1 | |
| Periapt of Vitality | 1 | |
| Boots of Speed | 1 | |
| Circlet of Nobility | 1 | |
28 total

»
The_New_Prodigy (
green | 45 APM | 2168 actions | 47:57)
5 Mountain King
3 Storm Bolt
2 Bash
1 Tauren Chieftain
1 Reincarnation
» actions
| Assign group hotkey | 6 | |
| Basic commands | 8 | |
| Build / train | 125 | |
| Enter build submenu | 25 | |
| Enter hero's abilities submenu | 7 | |
| Give item / drop item | 2 | |
| Remove unit from queue | 5 | |
| Right click | 1230 | |
| Select / deselect | 456 | |
| Select group hotkey | 207 | |
| Use ability | 96 | |
2168 total
» units
| Peasant | 18 | |
| Footman | 13 | |
| Rifleman | 16 | |
| Siege Engine | 11 | |
| Troll Headhunter/Berserker | 8 | |
| Shaman | 2 | |
| Tauren | 4 | |
| Troll Witch Doctor | 3 | |
75 total
» upgrades
| Gunpowder | 2 | |
| Plating | 1 | |
| Barrage | 1 | |
| Witch Doctor Training | 2 | |
6 total
» buildings
| Altar of Kings | 1 | |
| Barracks | 1 | |
| Farm | 9 | |
| Arcane Vault | 1 | |
| Town Hall | 1 | |
| Lumber Mill | 1 | |
| Keep | 1 | |
| Blacksmith | 1 | |
| Scout Tower | 9 | |
| Castle | 1 | |
| Guard Tower | 8 | |
| Workshop | 5 | |
39 total
» build order
00:14 Altar of Kings
00:19 Barracks
00:29 Farm
01:05 Farm
01:42 Farm
02:25 Farm
03:20 Arcane Vault
04:01 Town Hall
04:07 Farm
05:04 Lumber Mill
09:00 Keep
09:06 Blacksmith
10:31 Scout Tower
10:32 Scout Tower
10:33 Scout Tower
10:38 Scout Tower
10:40 Scout Tower
11:26 Castle
11:29 Guard Tower
11:35 Workshop
13:25 Guard Tower
13:27 Guard Tower
13:29 Guard Tower
13:31 Scout Tower
14:12 Guard Tower
14:18 Scout Tower
14:23 Scout Tower
14:32 Workshop
16:34 Guard Tower
16:35 Guard Tower
16:38 Scout Tower
17:44 Guard Tower
19:58 Workshop
20:01 Workshop
20:28 Farm
20:29 Farm
20:29 Farm
21:02 Farm
22:09 Workshop
» items
| Scroll of Regeneration | 3 | |
| Lesser Clarity Potion | 3 | |
| Scroll of Town Portal | 8 | |
| Potion of Healing | 4 | |
| Potion of Mana | 3 | |
| Orb of Lightning | 1 | |
| Orb of Fire | 1 | |
23 total
team 2 (winner)
LordAmuro (
red | 98 APM | 3579 actions | 36:37)
6 Tauren Chieftain
3 Shockwave
2 Endurance Aura
1 Reincarnation
5 Shadow Hunter
3 Healing Wave
1 Hex
1 Serpent Ward
» actions
| Assign group hotkey | 65 | |
| Basic commands | 110 | |
| Build / train | 194 | |
| ESC pressed | 2 | |
| Enter build submenu | 50 | |
| Enter hero's abilities submenu | 11 | |
| Give item / drop item | 2 | |
| Right click | 1294 | |
| Select / deselect | 688 | |
| Select group hotkey | 718 | |
| Use ability | 445 | |
3579 total
» units
| Peon | 31 | |
| Grunt | 13 | |
| Shaman | 6 | |
| Troll Witch Doctor | 9 | |
| Tauren | 5 | |
| Spirit Walker | 2 | |
66 total
» upgrades
| Shaman Training | 2 | |
| Witch Doctor Training | 2 | |
| Reinforced Defenses | 1 | |
| Armor | 2 | |
| Spirit Walker Training | 2 | |
| Pulverize | 1 | |
| Melee Weapons | 1 | |
| Spiked Barricades | 2 | |
13 total
» buildings
| Altar of Storms | 1 | |
| Orc Burrow | 9 | |
| Barracks | 1 | |
| Voodoo Lounge | 2 | |
| War Mill | 1 | |
| Stronghold | 3 | |
| Great Hall | 5 | |
| Watch Tower | 26 | |
| Spirit Lodge | 2 | |
| Fortress | 3 | |
| Tauren Totem | 1 | |
54 total
» build order
00:23 Altar of Storms
00:38 Orc Burrow
00:54 Barracks
01:40 Orc Burrow
02:05 Voodoo Lounge
02:48 War Mill
03:57 Stronghold
03:57 Stronghold
04:46 Orc Burrow
04:51 Orc Burrow
05:24 Great Hall
06:11 Watch Tower
07:06 Watch Tower
08:50 Spirit Lodge
09:30 Fortress
09:30 Fortress
09:34 Spirit Lodge
09:49 Watch Tower
10:28 Orc Burrow
10:51 Watch Tower
10:53 Orc Burrow
11:08 Voodoo Lounge
12:54 Tauren Totem
14:38 Orc Burrow
18:12 Watch Tower
18:24 Watch Tower
18:35 Watch Tower
19:51 Watch Tower
19:54 Watch Tower
20:36 Orc Burrow
22:37 Orc Burrow
23:18 Watch Tower
23:22 Great Hall
24:21 Watch Tower
25:14 Watch Tower
25:16 Watch Tower
25:18 Watch Tower
25:20 Watch Tower
25:21 Watch Tower
26:16 Great Hall
26:17 Watch Tower
26:19 Watch Tower
26:21 Watch Tower
27:07 Great Hall
27:22 Watch Tower
27:36 Watch Tower
28:34 Great Hall
30:58 Watch Tower
30:59 Watch Tower
31:00 Watch Tower
32:24 Watch Tower
32:27 Watch Tower
» items
| Healing Salve | 18 | |
| Scroll of Speed | 8 | |
| Lesser Clarity Potion | 21 | |
| Potion of Healing | 3 | |
| Scroll of Town Portal | 5 | |
| Orb of Lightning | 1 | |
| Boots of Speed | 1 | |
| Scroll of Healing | 2 | |
| Potion of Lesser Invulnerability | 3 | |
62 total
OrbsOfVenom (
orange | 39 APM | 1868 actions | 47:57)
7 Demon Hunter
3 Mana Burn
3 Evasion
1 Metamorphosis
5 Priestess of the Moon
3 Trueshot Aura
2 Scout
» actions
| Assign group hotkey | 51 | |
| Basic commands | 275 | |
| Build / train | 105 | |
| Enter build submenu | 21 | |
| Enter hero's abilities submenu | 12 | |
| Give item / drop item | 11 | |
| Right click | 303 | |
| Select / deselect | 476 | |
| Select group hotkey | 504 | |
| Use ability | 110 | |
1868 total
» units
» upgrades
| Improved Bows | 1 | |
| Corrosive Breath | 1 | |
| Strength of the Wild | 2 | |
| Reinforced Hides | 2 | |
| Well Spring | 1 | |
| Ultravision | 1 | |
| Nature's Blessing | 1 | |
9 total
» buildings
| Altar of Elders | 1 | |
| Moon Well | 6 | |
| Ancient of War | 1 | |
| Ancient of Wonders | 1 | |
| Tree of Life | 2 | |
| Tree of Ages | 1 | |
| Hunter's Hall | 1 | |
| Tree of Eternity | 1 | |
| Ancient of Wind | 1 | |
| Chimaera Roost | 3 | |
18 total
» build order
00:07 Altar of Elders
00:20 Moon Well
00:50 Ancient of War
01:16 Moon Well
01:42 Ancient of Wonders
01:54 Moon Well
04:16 Tree of Life
04:32 Tree of Ages
05:45 Moon Well
06:05 Hunter's Hall
07:46 Tree of Eternity
09:07 Ancient of Wind
09:18 Moon Well
10:13 Chimaera Roost
10:14 Chimaera Roost
11:12 Chimaera Roost
12:52 Moon Well
24:56 Tree of Life
» items
| Scroll of Town Portal | 5 | |
| Scroll of Healing | 1 | |
| Periapt of Vitality | 1 | |
| Potion of Lesser Invulnerability | 2 | |
| Orb of Venom | 5 | |
| Anti-magic Potion | 2 | |
| Potion of Healing | 1 | |
| Moonstone | 1 | |
| Scroll of Regeneration | 1 | |
| Boots of Speed | 1 | |
20 total
WhiteChocolate (
purple | 45 APM | 2162 actions | 47:55)
9 Archmage
3 Summon Water Elemental
3 Brilliance Aura
1 Mass Teleport
2 Blizzard
» actions
| Assign group hotkey | 33 | |
| Basic commands | 235 | |
| Build / train | 95 | |
| Enter build submenu | 66 | |
| Enter hero's abilities submenu | 10 | |
| Give item / drop item | 13 | |
| Right click | 807 | |
| Select / deselect | 439 | |
| Select group hotkey | 262 | |
| Use ability | 200 | |
2162 total
» units
| Peasant | 12 | |
| Footman | 4 | |
| Goblin Shredder | 1 | |
| Gryphon Rider | 12 | |
| Goblin Sapper | 7 | |
36 total
» upgrades
| Masonry | 3 | |
| Swords | 3 | |
| Armor | 3 | |
| Animal War Training | 1 | |
| Storm Hammers | 1 | |
| Cloud | 1 | |
12 total
» buildings
| Altar of Kings | 1 | |
| Barracks | 1 | |
| Farm | 13 | |
| Scout Tower | 47 | |
| Arcane Tower | 1 | |
| Arcane Vault | 3 | |
| Keep | 1 | |
| Town Hall | 4 | |
| Lumber Mill | 1 | |
| Guard Tower | 15 | |
| Castle | 1 | |
| Gryphon Aviary | 4 | |
| Blacksmith | 2 | |
94 total
» build order
00:38 Altar of Kings
00:42 Barracks
00:49 Farm
00:51 Farm
01:04 Farm
01:59 Farm
02:19 Scout Tower
03:06 Arcane Tower
03:12 Arcane Vault
04:39 Keep
04:43 Town Hall
04:48 Lumber Mill
05:48 Scout Tower
05:50 Scout Tower
05:51 Scout Tower
05:54 Scout Tower
07:01 Guard Tower
07:46 Castle
08:35 Gryphon Aviary
08:35 Gryphon Aviary
08:35 Gryphon Aviary
08:38 Gryphon Aviary
08:54 Blacksmith
08:56 Blacksmith
09:29 Scout Tower
09:30 Scout Tower
09:38 Scout Tower
09:38 Scout Tower
09:40 Scout Tower
09:43 Scout Tower
09:44 Scout Tower
10:03 Guard Tower
10:23 Guard Tower
10:25 Guard Tower
10:27 Guard Tower
11:13 Guard Tower
12:34 Scout Tower
12:36 Scout Tower
12:38 Arcane Vault
12:40 Scout Tower
12:42 Scout Tower
13:02 Farm
13:05 Farm
19:22 Guard Tower
23:06 Town Hall
23:12 Scout Tower
23:13 Scout Tower
23:13 Scout Tower
23:14 Scout Tower
23:15 Scout Tower
23:15 Scout Tower
23:16 Scout Tower
23:17 Scout Tower
23:18 Scout Tower
23:18 Scout Tower
23:19 Scout Tower
23:25 Arcane Vault
24:31 Farm
24:32 Farm
24:34 Farm
24:34 Farm
24:35 Farm
24:35 Farm
25:01 Guard Tower
26:54 Scout Tower
26:55 Scout Tower
26:55 Scout Tower
26:56 Scout Tower
26:57 Scout Tower
26:57 Scout Tower
26:58 Scout Tower
27:47 Guard Tower
28:06 Scout Tower
28:08 Scout Tower
28:08 Scout Tower
28:09 Scout Tower
28:32 Town Hall
28:36 Scout Tower
28:37 Scout Tower
28:37 Scout Tower
28:38 Scout Tower
28:40 Scout Tower
28:41 Scout Tower
28:45 Guard Tower
28:51 Guard Tower
29:22 Guard Tower
29:31 Guard Tower
29:57 Guard Tower
30:46 Guard Tower
32:00 Town Hall
» items
| Scroll of Regeneration | 4 | |
| Mechanical Critter | 4 | |
| Scroll of Town Portal | 6 | |
| Potion of Healing | 1 | |
| Periapt of Vitality | 1 | |
| Potion of Lesser Invulnerability | 1 | |
| Staff of Sanctuary | 1 | |
| Staff of Teleportation | 1 | |
19 total
INFECTUS (
teal | 41 APM | 1957 actions | 47:50)
5 Archmage
1 Summon Water Elemental
3 Brilliance Aura
1 Blizzard
4 Paladin
1 Holy Light
1 Divine Shield
2 Devotion Aura
» actions
| Basic commands | 180 | |
| Build / train | 118 | |
| ESC pressed | 2 | |
| Enter build submenu | 29 | |
| Enter hero's abilities submenu | 9 | |
| Give item / drop item | 6 | |
| Right click | 855 | |
| Select / deselect | 631 | |
| Use ability | 121 | |
1957 total
» units
| Peasant | 35 | |
| Footman | 4 | |
| Rifleman | 9 | |
| Priest | 5 | |
| Knight | 6 | |
| Mortar Team | 3 | |
| Siege Engine | 8 | |
70 total
» upgrades
| Masonry | 3 | |
| Lumber Harvesting | 2 | |
| Priest Training | 2 | |
| Animal War Training | 1 | |
| Flare | 1 | |
| Fragmentation Shards | 1 | |
| Barrage | 1 | |
| Magic Sentry | 1 | |
12 total
» buildings
| Altar of Kings | 1 | |
| Farm | 14 | |
| Barracks | 1 | |
| Lumber Mill | 1 | |
| Arcane Vault | 2 | |
| Town Hall | 1 | |
| Keep | 1 | |
| Blacksmith | 1 | |
| Castle | 1 | |
| Arcane Sanctum | 1 | |
| Workshop | 1 | |
| Scout Tower | 1 | |
| Arcane Tower | 1 | |
27 total
» build order
00:18 Altar of Kings
00:21 Farm
00:25 Barracks
01:01 Farm
01:50 Lumber Mill
02:49 Farm
03:26 Arcane Vault
03:36 Town Hall
04:10 Keep
04:48 Farm
04:51 Blacksmith
05:42 Farm
06:18 Farm
06:54 Castle
09:01 Arcane Sanctum
09:33 Workshop
10:25 Farm
10:50 Farm
11:14 Farm
12:45 Farm
12:49 Farm
15:00 Farm
16:49 Arcane Vault
19:59 Farm
25:42 Scout Tower
26:23 Arcane Tower
31:33 Farm
» items
| Scroll of Town Portal | 6 | |
| Scroll of Protection | 3 | |
| Scroll of Healing | 2 | |
| Staff of Teleportation | 1 | |
| Dust of Appearance | 4 | |
| Scroll of Speed | 1 | |
| Potion of Healing | 1 | |
| Potion of Lesser Invulnerability | 3 | |
| Staff of Sanctuary | 1 | |
22 total
Chat log
(00:04 / Allies) The_New_Prodigy: hi
(00:07 / Allies) The_New_Prodigy: rush?
(00:09 / Allies) recognize: somebody likes the habts
(00:11 / Allies) recognize: habs
(00:15 / Allies) Secreteam: sup
(00:16 / Allies) subban: ye
(00:19 / Allies) Secreteam: rush sounds good
(00:21 / Allies) The_New_Prodigy: rush?
(00:23 / Allies) The_New_Prodigy: k
(00:25 / Allies) recognize: are you a montrealer?
(00:35 / Allies) subban: yep
(00:38 / Allies) recognize: nice
(00:41 / Allies) recognize: me too
(00:43 / Allies) recognize: whereabouts montreal?
(00:43 / Allies) The_New_Prodigy: split rush or full
(00:45 / Allies) recognize: i'm in DDO
(00:51 / Allies) Secreteam: rush top
(00:52 / Allies) Secreteam: full
(00:54 / Allies) The_New_Prodigy: ok
(00:58 / Allies) subban: hochelaga
(02:04 / Allies) Secreteam: actually want to all cc first?
(02:09 / Allies) The_New_Prodigy: no
(02:13 / Allies) Secreteam: I do
(02:14 / Allies) The_New_Prodigy: rush then to cc
(02:14 / Allies) recognize: get expo
(02:15 / Allies) recognize: first
(02:16 / Allies) Secreteam: I think I'm going to cc
(02:17 / Allies) recognize: then you hit
(02:44 / Allies) The_New_Prodigy: fast expo and rush
(04:09 / Allies) The_New_Prodigy: ready
(04:27 / Allies) subban: need to be lvl 2
(04:44 / Allies) Secreteam: hit here when we hit
(04:47 / Allies) The_New_Prodigy: meeet
(05:32 / Allies) subban: ty for stealing xp
(05:42 / Allies) Secreteam: It's called a team game
(05:46 / Allies) subban: fucking gay lord pink
(05:47 / Allies) Secreteam: go play solo if you don't want to work together
(05:57 / Allies) subban: lol
(06:01 / Allies) subban: he was aready dead
(06:12 / Allies) recognize: -_-
(06:12 / Allies) The_New_Prodigy: yoo lets be nice k
(06:13 / Allies) subban: and came for xp
(06:56 / All) LordAmuro: cant touch me
(07:02 / All) Secreteam: lol
(07:11 / Allies) The_New_Prodigy: nice try pink lol
(07:26 / Allies) The_New_Prodigy: yelow
(07:30 / All) Secreteam: I touched you
(07:33 / All) Secreteam: inappropriately
(07:41 / All) LordAmuro: Cry more
(07:48 / All) Secreteam: why would I be crying I am raping you lol
(07:50 / All) OrbsOfVenom: only one crying is red
(07:57 / All) LordAmuro: Cry more
(08:06 / All) OrbsOfVenom: but he's a noob. cant expect much from him
(08:21 / Allies) The_New_Prodigy: hero blue
(08:49 / Allies) subban: im b
(09:26 / Allies) The_New_Prodigy: what units should i go now
(09:34 / Allies) Secreteam: good ones
(09:35 / Allies) subban: air
(09:36 / All) LordAmuro: cr more
(09:38 / Allies) The_New_Prodigy: ok
(09:44 / All) Secreteam: you're the one crying
(09:46 / Allies) The_New_Prodigy: gyrphgs dragonshawks
(09:47 / All) Secreteam: oh
(09:50 / All) Secreteam: its this guy
(09:55 / All) Secreteam: from the screenshots
(09:56 / Allies) recognize: he's masssing air
(09:58 / All) Secreteam: the cry more bitch lol
(09:59 / Allies) recognize: and he has infinite resources
(10:02 / All) Secreteam: all he says
(10:11 / Allies) The_New_Prodigy: who go tanks
(10:12 / All) LordAmuro: mad?
(10:23 / All) LordAmuro: mad?
(10:26 / All) OrbsOfVenom: i apologize for red
(10:28 / All) Secreteam: why would I be
(10:33 / All) LordAmuro: level 3 bm?
(10:38 / All) Secreteam: 4
(10:42 / All) recognize: oj apologize to me
(10:46 / All) recognize: you killed my loayl rifles
(10:47 / All) recognize: inappropriate
(10:55 / Allies) The_New_Prodigy: yellow should i go tanks or u
(10:57 / All) LordAmuro: lol
(10:59 / All) LordAmuro: excuses?
(11:01 / All) LordAmuro: Talk more?
(11:01 / Allies) recognize: you can
(11:04 / Allies) The_New_Prodigy: ok
(11:06 / Allies) The_New_Prodigy: i will
(11:07 / Allies) recognize: green just mass whatever you want
(11:07 / Allies) The_New_Prodigy: blue
(11:13 / Allies) Secreteam: inc my base
(11:13 / Allies) The_New_Prodigy: go turan sham
(11:17 / All) LordAmuro: cry more?
(11:34 / Allies) subban: all tp
(11:35 / Allies) subban: tp
(11:38 / All) LordAmuro: bm dead
(11:45 / Allies) The_New_Prodigy: coming
(11:58 / All) Secreteam: mad?
(12:26 / Allies) subban: me hero is stuck
(12:39 / Allies) The_New_Prodigy: here take tp
(12:41 / Allies) Secreteam: noob lol
(12:42 / Allies) Secreteam: moron
(12:46 / Allies) Secreteam: take his tp
(12:50 / Allies) The_New_Prodigy: tp
(12:52 / Allies) subban: ty
(12:53 / Allies) Secreteam: stop tking
(12:58 / Allies) Secreteam: tk noob?
(13:00 / Allies) The_New_Prodigy: out i have 2 k gold
(13:20 / All) WhiteChocolate: nice tp lol
(13:31 / Allies) recognize: im goign to go kill him
(13:33 / All) Secreteam: nice mh
(13:34 / All) Secreteam: red
(13:35 / Allies) recognize: i can fuck him up pretty badly
(13:41 / All) recognize: fight me you bitch
(13:46 / All) LordAmuro: i love whou
(14:10 / Allies) subban: we need to hit
(14:11 / All) LordAmuro: i love the way u scared of me
(14:32 / Allies) Secreteam: they're hitting me
(14:37 / Allies) subban: you noob
(14:53 / Allies) The_New_Prodigy: ill tp pink
(14:54 / Allies) The_New_Prodigy: k
(15:12 / Allies) subban: b
(15:15 / All) WhiteChocolate: I got a hero focusing ally
(15:17 / All) WhiteChocolate: WOOOOO
(15:44 / All) LordAmuro: Alchemist dead
(15:52 / All) Secreteam: go away faggots
(15:55 / Allies) recognize: well that game
(16:24 / Allies) subban: need to hit togehter
(16:32 / Allies) recognize: i fucked both purp and oj up
(16:35 / Allies) recognize: kill all of their air
(16:37 / Allies) Secreteam: they keep hitting up top
(16:38 / Allies) recognize: literally all of it
(16:43 / Allies) recognize: but my hero is dead
(16:50 / Allies) recognize: and we can't win with their split hitting
(16:52 / Allies) recognize: they are better
(17:17 / Allies) Secreteam: here this fag comes again
(17:36 / Allies) recognize: omw
(17:46 / Allies) The_New_Prodigy: tp
(18:27 / Allies) The_New_Prodigy: wood p[lz
(18:29 / All) LordAmuro: my base
(18:31 / All) LordAmuro: ur units
(18:32 / All) LordAmuro: Fag
(18:34 / Allies) The_New_Prodigy: ty
(18:47 / Allies) The_New_Prodigy: blue go turan sham,
(18:48 / Allies) The_New_Prodigy: plz
(19:06 / All) LordAmuro: bm scared?
(19:09 / All) LordAmuro: ure so kiddish
(19:12 / All) LordAmuro: bm / wywern
(19:14 / All) The_New_Prodigy: ayy yo red stfu and play kid
(19:21 / All) The_New_Prodigy: before i come and beat ur ass
(21:09 / Allies) subban: im b
(21:21 / Allies) The_New_Prodigy: yellow stay ok
(21:23 / Allies) The_New_Prodigy: we can win
(21:23 / All) recognize: i tired to carrry
(21:26 / All) recognize: couldn't work
(21:27 / Allies) recognize: no you cant
(21:28 / All) LordAmuro: pawned
(21:29 / All) LordAmuro: noob orc
(21:32 / Allies) Secreteam: yeah we can
(21:33 / Allies) recognize: im the only players whose killing shit
(21:37 / Allies) recognize: oink is doing shit all
(21:46 / All) LordAmuro: noobest orc ever
(21:49 / All) LordAmuro: bm . / wywerns
(21:55 / All) Secreteam: Still raping you
(21:59 / All) LordAmuro: rofl
(22:02 / All) LordAmuro: solo bm
(22:05 / All) LordAmuro: im still owning u
(22:09 / All) LordAmuro: hard
(22:10 / All) LordAmuro: lol
(22:28 / All) LordAmuro: tower noob
(24:10 / All) LordAmuro: have fun solo bm noobie
(25:40 / All) LordAmuro: Watch how bm die
(25:56 / All) LordAmuro: lol
(25:58 / All) Secreteam: watching but it isn't dying
(26:55 / Allies) The_New_Prodigy: i hgave blue
(27:37 / All) Secreteam: 6 peons on your mine teal
(27:41 / All) Secreteam: I'll fix that for you
(28:39 / Allies) The_New_Prodigy: pink
(28:42 / Allies) Secreteam: what
(28:42 / Allies) The_New_Prodigy: lets win this ok
(28:45 / Allies) Secreteam: yes
(30:31 / All) OrbsOfVenom: dont leave
(30:34 / All) OrbsOfVenom: Purple is backstabbing
(30:38 / All) Secreteam: I know
(30:44 / All) Secreteam: you'll try
(30:45 / Allies) The_New_Prodigy: '
(30:47 / All) The_New_Prodigy: damn
(30:48 / Allies) Secreteam: hi again
(30:48 / Allies) Secreteam: btw
(30:54 / Allies) The_New_Prodigy: pink
(31:01 / Allies) Secreteam: sup
(31:03 / All) OrbsOfVenom: free exp
(31:09 / Allies) The_New_Prodigy: all i can get can u feed blue alittle for more troops
(31:18 / Allies) The_New_Prodigy: gold
(31:22 / Allies) The_New_Prodigy: plz
(31:24 / All) WhiteChocolate: I guess you could say orange is battered and broken
(31:25 / All) OrbsOfVenom: gg afk
(31:28 / All) WhiteChocolate: he's given up the fight
(31:55 / Allies) The_New_Prodigy: leave it
(32:04 / Allies) The_New_Prodigy: make more troops
(32:06 / Allies) The_New_Prodigy: max out
(32:49 / All) WhiteChocolate: LOL
(32:54 / All) WhiteChocolate: if tael didn't tp there
(32:56 / All) WhiteChocolate: I wouldn't have noticed
(32:57 / All) The_New_Prodigy: ?
(33:55 / All) OrbsOfVenom: just checking back for a sec with afk. purple, must suck to not have a life and just waste time like you?
(34:07 / All) Secreteam: mad?
(34:08 / All) Secreteam: cry more
(34:18 / All) Secreteam: brb gotta piss
(34:33 / All) WhiteChocolate: orange really went afk
(35:05 / Allies) The_New_Prodigy: gold me pink
(35:11 / Allies) The_New_Prodigy: so i can get blue a tp
(36:26 / All) OrbsOfVenom: wow this game is still going on? sorry that your life sucks to much purple, i will pray for you
(37:11 / All) The_New_Prodigy: leave
(37:11 / All) Secreteam: bad time to go piss
(37:14 / All) Secreteam: almost lost all my raiders
(37:18 / All) Secreteam: Green you know how this will end lol
(37:20 / All) Secreteam: you just played us
(37:24 / Allies) The_New_Prodigy: i saved them with the healers
(37:26 / All) Secreteam: bad for you if they leave
(37:34 / Allies) Secreteam: ty
(37:38 / Allies) The_New_Prodigy: np
(38:05 / Allies) The_New_Prodigy: when do we hit
(38:11 / Allies) Secreteam: Purple tking
(38:16 / Allies) The_New_Prodigy: reallyu
(38:17 / Allies) The_New_Prodigy: yes
(38:19 / Allies) Secreteam: are you ignoring what I'm saying
(38:26 / Allies) Secreteam: I played you last game lol
(38:28 / Allies) Secreteam: both of us did
(38:34 / Allies) Secreteam: he was the prick on fullscale
(38:35 / Allies) The_New_Prodigy: omg
(38:36 / Allies) Secreteam: with the dragons
(38:41 / Allies) The_New_Prodigy: yup
(38:47 / Allies) The_New_Prodigy: he
(39:00 / Allies) The_New_Prodigy: he killed me at the end
(39:03 / Allies) Secreteam: maybe if you're lucky this time his team will stay for a standoff lawl
(39:39 / All) WhiteChocolate: I think orange is still controlling red towers
(39:41 / All) WhiteChocolate: and not teal
(39:55 / All) WhiteChocolate: nvm
(41:02 / Allies) Secreteam: let's finish teal's shit now
(41:08 / Allies) The_New_Prodigy: YUP
(41:26 / Allies) Secreteam: your units will probably have to die soon btw, nothing personal
(41:28 / Allies) Secreteam: for the standoff
(41:37 / Allies) The_New_Prodigy: really
(41:40 / Allies) The_New_Prodigy: omg
(41:48 / Allies) The_New_Prodigy: i just want to win
(41:49 / Allies) Secreteam: we'll kill everything including our own units
(41:53 / Allies) Secreteam: and you'll have a shot at winning
(41:55 / Allies) Secreteam: in a standoff
(42:00 / Allies) The_New_Prodigy: me
(42:01 / Allies) The_New_Prodigy: ok
(42:48 / Allies) The_New_Prodigy: why
(42:49 / Allies) The_New_Prodigy: ?
(42:53 / Allies) Secreteam: I told you
(42:56 / Allies) Secreteam: We are going to do a standoff
(43:01 / Allies) Secreteam: and kill everything including our own units
(43:04 / Allies) Secreteam: it'll be your shot at winning
(43:08 / Allies) Secreteam: leaving your PC on
(43:10 / Allies) The_New_Prodigy: wow
(43:38 / Allies) The_New_Prodigy: r u gona win?
(43:44 / Allies) Secreteam: I just fucking explainedi t to you
(43:45 / Allies) Secreteam: jesus christ
(43:55 / Allies) The_New_Prodigy: k
(43:58 / Allies) The_New_Prodigy: brb food
(44:00 / Allies) Secreteam: how many games
(44:02 / Allies) Secreteam: and times
(44:06 / Allies) Secreteam: does it take your 16 year old ass to understand
(44:11 / Allies) Secreteam: my explanation?
(44:12 / Allies) The_New_Prodigy: ?
(44:14 / Allies) The_New_Prodigy: doory
(44:17 / Allies) The_New_Prodigy: sorry
(45:00 / Allies) The_New_Prodigy: what is the point of this
(45:05 / Allies) Secreteam: fun
(45:09 / Allies) Secreteam: for us anyway
(45:10 / Allies) The_New_Prodigy: oh
(45:31 / Allies) The_New_Prodigy: were u green last game?
(45:35 / Allies) Secreteam: yes
(45:38 / Allies) The_New_Prodigy: omg
(45:38 / Allies) Secreteam: that's what I said
(45:50 / Allies) The_New_Prodigy: i thought i was gonna win
(45:51 / Allies) Secreteam: I'm playing orc and doing the same shit too lol
(45:57 / Allies) Secreteam: you still can
(46:00 / Allies) Secreteam: you still have the opportunity
(46:04 / Allies) The_New_Prodigy: no last game
(46:07 / Allies) Secreteam: oh
(46:08 / Allies) Secreteam: yeah
(46:13 / Allies) Secreteam: if the guy on his team would've stayed
(46:16 / Allies) Secreteam: you'd have gotten a chance to
(46:22 / Allies) The_New_Prodigy: i thought there is no way i could have lost
(47:20 / All) Secreteam: raider damage really bad vs gryphons with ensare lol
(47:27 / All) Secreteam: I'm 0/0
(47:28 / Allies) The_New_Prodigy: true
(47:30 / All) Secreteam: your side done?
(47:32 / All) Secreteam: Good luck everyone
(47:46 / All) Secreteam: LET IT BEGIN!
(47:48 / All) WhiteChocolate: Have fun, gents
(47:48 / All) Secreteam: MAKE US PROUD
(47:50 / All) WhiteChocolate: Stay safe
(47:56 / All) Secreteam: ORANGE VS GREEN
(47:56 / All) The_New_Prodigy: this is fun
(47:56 / All) Secreteam: GL